Map: Radhuset Station LE

Players

LizzoBeEatin - Winner!

  • Race: Protoss Protoss
  • League: Platinum
  • Spawn Location: 7:00

SubN

  • Race: Zerg Zerg
  • League: Diamond
  • Spawn Location: 1:00

VOD

Have the link to the VOD?

Description

Time

  • Played on: Jan. 18, 2024, 5:16 p.m.
  • Length: 13:29
Show
View Real Time Build Order
Export as new Build Order

LizzoBeEatin Protoss - Winner!

Build Orders: Blink Stalkers 

Get SALT Encoding   

  12  0:00  Probe  
  13  0:12  Probe  
  14  0:17  Pylon  
  14  0:24  Probe  
  15  0:37  Probe  
  15  0:40  Gateway  
  16  0:46  Assimilator  
  17  0:50  Probe  
  17  1:02  Probe  
  18  1:05  Pylon  
  18  1:14  Probe  
  19  1:24  Pylon  
  19  1:25  Pylon  
  19  1:26  Probe  
  20  1:37  Cybernetics Core  
  20  1:38  Probe  
  21  1:50  Probe  
  22  2:01  Nexus  
  22  2:02  Probe  
  22  2:07  Pylon  
  23  2:22  Assimilator  
  23  2:25  Probe  
  26  2:35  Stalker  
  26  2:37  Warp Gate, Probe  
  26  2:42  Twilight Council  
  27  2:49  Probe (Chrono Boost)  
  28  3:00  Pylon  
  28  3:01  Probe (Chrono Boost)  
  29  3:05  Stalker  
  32  3:14  Probe (Chrono Boost)  
  32  3:16  Probe (Chrono Boost)  
  32  3:18  Blink (Chrono Boost)  
  33  3:25  Pylon  
  33  3:26  Probe x2 (Chrono Boost)  
  35  3:35  Probe  
  35  3:36  Probe  
  37  3:45  Gateway  
  37  3:51  Gateway  
  37  3:54  Probe x2  
  39  4:06  Probe  
  39  4:09  Gateway  
  40  4:11  Probe  
  40  4:12  Gateway  
  41  4:18  Probe  
  41  4:19  Gateway  
  41  4:20  Assimilator  
  43  4:27  Robotics Facility  
  43  4:29  Probe  
  43  4:32  Pylon  
  43  4:33  Probe  
  44  4:39  Stalker  
  47  4:46  Stalker  
  47  4:51  Probe  
  49  4:57  Stalker  
  51  5:01  Pylon  
  51  5:06  Stalker x3  
  57  5:09  Pylon  
  57  5:16  Stalker x2  
  62  5:23  Observer (Chrono Boost)  
  62  5:33  Warp Prism (Chrono Boost)  
  64  5:39  Pylon  
  64  5:42  Stalker x3  
  70  6:13  Stalker x2  
  70  6:14  Stalker x3  
  78  6:34  Stalker  
  78  6:55  Assimilator  
  78  6:56  Stalker x2  
  78  6:58  Stalker x4  
  90  7:07  Probe x2  
  92  7:12  Pylon  
  92  7:13  Pylon  
  92  7:14  Charge (Chrono Boost)  
  92  7:16  Robotics Bay  
  92  7:18  Pylon  
  92  7:19  Pylon  
  92  7:22  Stalker  
  88  7:39  Stalker x5  
  88  7:43  Probe x2  
  98  7:55  Probe x2  
  98  7:58  Robotics Facility  
  100  8:00  Pylon  
  100  8:01  Nexus  
  100  8:07  Probe  
  101  8:14  Forge  
  101  8:16  Forge  
  101  8:30  Observer  
  101  8:37  Zealot x5  
  101  8:38  Zealot  
  113  8:43  Probe  
  113  8:44  Probe  
  113  8:56  Probe x2  
  98  9:10  Stalker x6  
  98  9:12  Disruptor  
  98  9:15  Disruptor  
  98  9:17  Probe x2  
  120  9:23  Probe  
  121  9:29  Probe x2  
  123  9:36  Protoss Ground Weapons Level 1 (Chrono Boost), Protoss Ground Armor Level 1 (Chrono Boost)  
  123  9:43  Nexus  
  123  9:45  Stalker  
  125  9:46  Pylon  
  125  9:52  Observer  
  126  10:00  Zealot x2  
  126  10:01  Zealot  
  132  10:07  Pylon x2  
  132  10:12  Disruptor x2  
  134  10:15  Probe x2  
  130  10:23  Probe  
  131  10:30  Probe  
  132  10:36  Gateway  
  132  10:39  Pylon, Gateway  
  132  10:41  Gateway  
  132  10:42  Gateway  
  132  10:43  Probe x2  
  132  10:45  Disruptor x2 (Chrono Boost)  
  142  11:13  Disruptor x2  
  150  11:18  Probe  
  150  11:19  Probe  
  150  11:25  Probe  
  153  11:27  Assimilator  
  153  11:28  Assimilator  
  153  11:30  Pylon  
  153  11:33  Assimilator  
  153  11:35  Assimilator  
  153  11:44  Nexus  
  153  11:45  Pylon  
  153  11:48  Stalker x5  
  153  11:49  Colossus x2, Stalker  
  153  11:52  Pylon  
  175  12:14  Stalker x2  
  175  12:15  Stalker x3  
  181  12:33  Probe x3  
  181  12:34  Probe  
  192  12:45  Probe x2  
  192  12:46  Observer  
  192  12:48  Zealot x3  
  200  13:08  Observer  
Show
View Real Time Build Order
Export as new Build Order

SubN Zerg 

Build Orders: Hatch First, Lurkers 

Get SALT Encoding   

  12  0:00  Drone  
  13  0:12  Overlord  
  13  0:18  Drone  
  14  0:30  Drone x2  
  16  0:37  Drone  
  17  0:52  Hatchery  
  17  0:56  Drone  
  17  1:00  Drone  
  18  1:50  Spawning Pool  
  18  1:51  Extractor  
  16  2:12  Drone x4  
  20  2:20  Drone  
  21  2:23  Overlord  
  22  2:30  Drone  
  22  2:35  Overlord  
  22  2:39  Drone  
  22  2:40  Queen x2  
  27  2:58  Hatchery  
  26  3:02  Metabolic Boost  
  26  3:06  Drone  
  26  3:09  Drone  
  26  3:10  Drone  
  29  3:13  Zergling x2  
  29  3:16  Zergling x2  
  31  3:24  Queen  
  33  3:31  Drone x2  
  35  3:35  Drone x2  
  35  3:38  Extractor  
  35  3:39  Drone  
  38  3:41  Drone  
  38  3:46  Overlord  
  38  3:53  Drone  
  40  3:55  Drone  
  40  4:02  Queen  
  42  4:06  Drone  
  42  4:08  Drone, Roach Warren  
  43  4:11  Drone  
  44  4:21  Drone x5  
  49  4:27  Evolution Chamber  
  48  4:38  Drone x2, Evolution Chamber  
  48  4:39  Drone x2  
  48  4:42  Extractor, Queen  
  52  4:47  Queen  
  54  4:56  Zerg Missile Weapons Level 1  
  54  5:01  Drone  
  54  5:06  Overlord x2  
  54  5:07  Overlord x2  
  54  5:20  Zerg Ground Armor Level 1  
  53  5:21  Overlord  
  53  5:25  Roach x3  
  53  5:28  Roach x2  
  63  5:36  Roach x3  
  69  5:45  Zergling x2  
  69  5:49  Roach x4  
  78  5:53  Queen  
  80  6:02  Roach  
  80  6:03  Roach x2  
  80  6:13  Lair  
  80  6:17  Roach x4  
  88  6:25  Overlord  
  88  6:28  Overlord  
  88  6:29  Queen  
  86  6:44  Roach x5  
  91  6:51  Drone x2  
  91  6:52  Drone  
  94  6:58  Drone x2  
  94  6:59  Drone x2  
  98  7:02  Drone, Extractor  
  98  7:06  Queen  
  100  7:15  Drone x6  
  106  7:18  Overlord  
  106  7:22  Overlord  
  106  7:25  Overlord  
  100  7:44  Drone x11  
  100  7:45  Drone  
  100  7:48  Queen  
  114  7:54  Zerg Missile Weapons Level 2  
  114  8:03  Overseer  
  114  8:05  Overseer  
  114  8:09  Overlord x4  
  114  8:13  Zerg Ground Armor Level 2  
  112  8:30  Roach  
  112  8:31  Roach x9  
  132  8:37  Queen  
  132  8:40  Drone  
  135  8:41  Drone  
  135  8:44  Drone  
  135  8:45  Drone x2  
  135  8:46  Extractor  
  119  9:07  Roach x8  
  133  9:13  Spine Crawler  
  133  9:14  Queen  
  133  9:16  Drone x2, Spine Crawler  
  135  9:17  Drone  
  135  9:18  Drone x2  
  135  9:20  Drone x2  
  135  9:23  Drone, Extractor  
  140  9:28  Zergling x2  
  140  9:29  Spore Crawler  
  140  9:36  Hydralisk Den  
  138  9:38  Queen  
  140  9:49  Glial Reconstitution  
  139  10:01  Spore Crawler  
  139  10:03  Hatchery  
  139  10:04  Spore Crawler  
  134  10:14  Queen  
  136  10:22  Ravager  
  137  10:35  Overlord x5  
  137  10:46  Spore Crawler  
  137  10:48  Spore Crawler  
  135  10:50  Muscular Augments  
  135  10:53  Hydralisk x9  
  135  10:54  Hydralisk x7  
  167  11:02  Ravager x6  
  173  11:04  Queen x2  
  173  11:06  Overlord  
  173  11:08  Queen  
  177  11:15  Zergling x2  
  177  11:16  Zergling x10  
  183  11:27  Queen  
  183  11:28  Drone x2  
  183  11:29  Drone x4  
  191  11:39  Lurker Den  
  190  11:54  Grooved Spines  
  184  12:12  Drone x2  
  184  12:14  Drone  
  184  12:15  Drone x2, Hydralisk, Extractor x2  
  187  12:16  Hydralisk x2  
  187  12:27  Spore Crawler  
  186  12:32  Baneling Nest  
  186  12:35  Drone x3  
  186  12:36  Drone x3  
  191  12:50  Hydralisk x4  
  191  12:51  Spire  
  190  12:56  Drone  
  190  12:57  Drone, Spine Crawler  
  190  12:58  Spine Crawler  
  190  12:59  Spine Crawler  
  189  13:10  Lurker, Hatchery  
  189  13:11  Lurker x3  
Tags
 
Add a new tag
Caveats
  • Supply blocks, unpowered buildings, or Contaminate may cause inaccurate times.
  • Supply counts are checked every 10 seconds.